 Dungeon Crawl Stone Soup version bcrawl-1.13-1-g4ae1fcee6e (webtiles) character file.

Game seed: 15347826332134863966

25 Camlann the Sneak (level 2, -3/23 HPs)
             Began as a Demonspawn Archaeologist on July 29, 2019.
             Killed from afar by an orc wizard (6 damage)
             ... with a magic dart
             ... on level 2 of the Dungeon.
             The game lasted 00:01:04 (1147 turns).

Camlann the Sneak (Demonspawn Archaeologist)        Turns: 1147, Time: 00:01:04

Health: -3/23      AC:  6    Str: 11    XL:     2   Next: 86%
Magic:  2/2        EV:  7    Int: 15    God:
Gold:   59         SH:  9    Dex: 11    Spells: 1/1 levels left

rFire    . . .     SeeInvis .   a - +0 whip
rCold    . . .     Gourm    .   n - +0 large shield
rNeg     . . .     Faith    .   b - +1 robe
rPois    .         Spirit   .   c - +1 hat
rElec    .         Reflect  .   (no cloak)
rCorr    .         Harm     .   (no gloves)
MR       .....                  d - +1 pair of boots
Stlth    ++........             (no amulet)
HPRegen  0.07/turn              (no ring)
MPRegen  0.08/turn              (no ring)

@: no status effects
A: talons 1
a: no special abilities


You were on level 2 of the Dungeon.
You were not hungry.

You visited 1 branch of the dungeon, and saw 2 of its levels.

You collected 59 gold pieces.


Innate Abilities, Weirdness & Mutations

You have sharp toenails.


   Skills:
 + Level 2.9 Fighting
 - Level 0.8 Maces & Flails
 - Level 2.6 Dodging
 - Level 3.0 Stealth


You had one spell level left.
You didn't know any spells.
Your spell library was empty.

Dungeon Overview and Level Annotations

Branches:
Dungeon (2/12)

Altars:

Inventory:

Hand Weapons
 a - a +0 whip (weapon)
Armour
 b - a +1 robe (worn)
 c - a +1 hat (worn)
 d - a +1 pair of boots (worn)
 n - a +0 large shield (worn)
   (You found it on level 2 of the Dungeon)
Scrolls
 h - 2 scrolls of teleportation {unknown}
 i - a scroll of immolation {unknown}
 k - a scroll of enchant armour {unknown}
 m - a scroll of blinking {unknown}
Miscellaneous
 e - a dusty tome
 f - an ancient crate
Comestibles
 g - 3 rations {!d}
 l - 3 chunks of flesh {@w1}

#########
........#
........##########
.................#
........########.#
........# #6#
........# #o#
........#


.oo ........# $#.#. ........# #.#.#.# ...###### # #.# # ...# #.# ...# #.# ...#
You could see an orc wizard and 2 orcs.


Message History

No target in view!
No target in view!
No target in view!
No target in view!
No target in view!
No target in view!
No target in view!
No target in view!
No target in view!
No target in view!
No target in view!
No target in view!
An orc comes into view. It is wielding a +0 mace.
The orc shouts!
You hear a shout! x2
An orc comes into view. It is wielding a +0 falchion.
An orc wizard comes into view. It is wielding a +0 dagger.
A worm comes into view.
Found 9 gold pieces.
Your shield prevents you from hitting the orc wizard.
You block the orc wizard's attack.
You hit the orc wizard but do no damage.
The orc wizard hits you but does no damage.
Your shield prevents you from hitting the orc wizard.
The orc wizard casts a spell.
The orc wizard seems to speed up.
Your shield prevents you from hitting the orc wizard.
The orc wizard casts a spell at you. The puff of flame hits you!
The orc wizard hits you with a +0 dagger.
You are too injured to fight recklessly!
You are too injured to fight recklessly!
You are too injured to fight recklessly!
You are too injured to fight recklessly!
You are too injured to fight recklessly!
You are too injured to fight recklessly!
You are too injured to fight recklessly!
You are too injured to fight recklessly!
You are too injured to fight recklessly!
You are too injured to fight recklessly!
You are too injured to fight recklessly!
You are too injured to fight recklessly!
You are too injured to fight recklessly!
You are too injured to fight recklessly!
You are too injured to fight recklessly!
You are too injured to fight recklessly!
It was a potion of curing.
You feel better. You block the orc wizard's attack.
The orc wizard completely misses you.
You barely miss the orc wizard. The orc wizard barely misses you.
The orc wizard closely misses you.
You hit the orc wizard.
The orc wizard is moderately wounded.
The orc wizard gestures at you while chanting.
The magic dart hits you!
You closely miss the orc wizard.
The orc wizard is moderately wounded.
The orc wizard hits you with a +0 dagger.
The orc wizard hits you but does no damage.
You closely miss the orc wizard.
The orc wizard is moderately wounded.
The orc wizard points at you and mumbles some strange words.
The puff of flame hits you!
* * * LOW HITPOINT WARNING * * *
The orc wizard hits you with a +0 dagger.
* * * LOW HITPOINT WARNING * * *
You miss the orc wizard.
The orc wizard is moderately wounded.
You block the orc wizard's attack.
The orc wizard gestures at you while chanting.
The magic dart hits you!
You die...

Action                   || total
-------------------------++-------
Melee: Whip              ||   103
  Use: Potion            ||     1
 Stab: Sleeping          ||     7
  Eat: Chunk             ||     1
Armor: Robe              ||    43
Dodge: Dodged            ||    40
Block: Large shield      ||    35

Levels and vault maps discovered:
D:1:      psy_arrival_statuary, layout_basic, minmay_distorted
D:2:      layout_loops_ring, nicolae_overflow_hidden_temple, marbit_many_paths,
          first_ration, uniq_jessica

Notes
Turn   | Place    | Note
-------+----------+-------------------------------------------
     0 | D:1      | Camlann the Demonspawn Archaeologist began the quest for
                  | the Orb.
     0 | D:1      | Reached XP level 1. HP: 15/15 MP: 1/1
    60 | D:1      | Reached skill level 2 in Fighting
    90 | D:1      | HP: 2/16 [ooze (4)]
    94 | D:1      | Gained mutation: You have sharp toenails. [demonic
                  | ancestry]
    94 | D:1      | Reached XP level 2. HP: 3/22 MP: 2/2
  1146 | D:2      | HP: 3/23 [orc wizard/+0 dagger (3)]
  1147 | D:2      | Killed from afar by an orc wizard

Vanquished Creatures
  An ooze (D:1)
  A worm (D:2)
  A dart slug (D:1)
  A giant cockroach (D:2)
  A goblin (D:1)
  2 hobgoblins (D:1)
  2 quokkas (D:2)
  3 bats
  A frilled lizard (D:1)
  A kobold (D:1)
  3 rats (D:1)
17 creatures vanquished.
